 Dungeon Crawl Stone Soup version 0.21-a0-529-g8c7b3f5 (webtiles) character file.

37 slep the Chopper (level 3, 0/18 HPs)
             Began as a Vine Stalker Gladiator on Dec 10, 2017.
             Slain by a worm (2 damage)
             ... on level 2 of the Dungeon.
             The game lasted 00:02:29 (450 turns).

slep the Chopper (Vine Stalker Gladiator)            Turns: 450, Time: 00:02:30

Health: 0/18       AC:  5    Str: 17    XL:     3   Next: 39%
Magic:  0/4        EV: 13    Int:  8    God:
Gold:   18         SH:  0    Dex: 15    Spells: 2/2 levels left

rFire    . . .     SeeInvis .   a - +0 war axe
rCold    . . .     Gourm    .   (no shield)
rNeg     . . .     Faith    .   b - +0 leather armour
rPois    .         Spirit   +   c - +0 helmet
rElec    .         Reflect  .   (no cloak)
rCorr    .         Harm     .   e - +0 pair of gloves (curse)
MR       .....                  (no boots)
Stlth    +.........             (no amulet)
HPRegen  0.06/turn              (no ring)
MPRegen  0.09/turn              (no ring)

@: no status effects
A: fangs 2, magic shield, antimagic bite, no potion heal 3, rot immunity
a: no special abilities


You were on level 2 of the Dungeon.
You were not hungry.

You visited 1 branch of the dungeon, and saw 2 of its levels.

You collected 18 gold pieces.

Inventory:

Hand Weapons
 a - a +0 war axe (weapon)
Missiles
 d - 3 throwing nets (quivered)
Armour
 b - a +0 leather armour (worn)
 c - a +0 helmet (worn)
 e - a cursed +0 pair of gloves (worn)
Scrolls
 h - 2 scrolls of teleportation {unknown}
 i - 3 scrolls of amnesia {unknown}
 j - a scroll of blinking {unknown}
Potions
 g - a potion of haste {unknown}
 k - a potion of flight {unknown}
Comestibles
 f - 2 bread rations


   Skills:
 + Level 2.1 Fighting
 + Level 3.3 Axes
 + Level 1.9 Throwing
 + Level 0.5 Armour
 + Level 2.6 Dodging


You had 2 spell levels left.
You didn't know any spells.

Dungeon Overview and Level Annotations

Branches:
Dungeon (2/15)

Altars:


Innate Abilities, Weirdness & Mutations

You have extremely sharp teeth.
When hurt, damage is shared between your health and your magic reserves.
Your bite disrupts and absorbs the magic of your enemies.
Potions cannot restore your health.
You are immune to rotting.


Message History

You are no longer poisoned.
Magic restored.
A frilled lizard comes into view.
There is a stone staircase leading up here.
A rat comes into view.
The rat moves out of view.
Found a scroll labeled ISHU ECAWK.
The frilled lizard hisses angrily.
A worm comes into view.
You closely miss the frilled lizard. You bite the frilled lizard.
You drain its power.
You kill the frilled lizard!
You see here a frilled lizard corpse.
You see here a frilled lizard corpse.
You hit the worm but do no damage. The worm bites you.
* * * LOW HITPOINT WARNING * * *
You slash the worm!
The worm is heavily wounded.
The worm bites you.
You die...

.. #....#... ....
###...##... ... ..####
#...####).. .... ...#
##..## #.[.
.....###.####...# ##...
..........<...## #....
##..##...###.######.###
#....##...##........#
#....w@.............##
#.......?............##
#....##....###...<.#...
#.... ..#####...#....#.
..... .r. ...#####...
##... .### #.. ###.
...# .. .. #. ... #. #.


You could see a worm and a rat (wandering).

Vanquished Creatures
  An adder (D:2)
  A dart slug (D:1)
  A ball python (D:1)
  2 giant cockroaches (D:1)
  5 goblins
  A hobgoblin (D:1)
  4 jackals (D:1)
  4 kobolds (D:1)
  2 bats (D:1)
  2 frilled lizards
23 creatures vanquished.

Notes
Turn   | Place    | Note
-------+----------+-------------------------------------------
     0 | D:1      | slep the Vine Stalker Gladiator began the quest for the Orb.
     0 | D:1      | Reached XP level 1. HP: 11/11 MP: 2/2
    46 | D:1      | Reached XP level 2. HP: 7/15 MP: 1/3
    47 | D:1      | Reached skill level 3 in Axes
   324 | D:1      | Reached XP level 3. HP: 9/18 MP: 4/4
   450 | D:2      | Slain by a worm

Vault maps used:
D:1:      eino_arrival_druids_welcome, minivault_14
D:2:      dk_yredelemnul_ordeal

Skill      XL: |  1  2 |
---------------+-------+-----
Axes           | 3 |  3.3
Fighting       | 2 |  2.1
Throwing       | |  1.9
Armour         | |  0.5
Dodging        | |  2.6

Action                   || total
-------------------------++-------
Melee: War axe           ||    53
       Bite              ||    13
Armor: Leather armour    ||    27
Dodge: Dodged            ||    57

Table legend:
 A = Spawn XP
 B = Non-spawn XP
 C = Spawn XP percentage of total XP
 D = Spawn monster count
 E = Non-spawn monster count
 F = Spawn count percentage of total count
 G = Total turns spent on level
                    A         B        C        D         E        F      G
               +---------+---------+-------+---------+---------+-------+---------
         Total |       0 |      53 |   0.0 |       0 |      23 |   0.0 |   450
               +---------+---------+-------+---------+---------+-------+---------
           D:1 |       0 |      37 |   0.0 |       0 |      20 |   0.0 |   397
           D:2 |       0 |      16 |   0.0 |       0 |       3 |   0.0 |    53
               +---------+---------+-------+---------+---------+-------+---------
